 Dungeon Crawl Stone Soup version 0.31-a0-845-g9abc20d24f (webtiles) character file.

Game seed: 13502010297110845518

88 Nedwor the Cutter (level 4, -2/34 HPs)
             Began as a Demonspawn Gladiator on Oct 3, 2023.
             Slain by Crazy Yiuf
             ... wielding a +3 quarterstaff of chaos
              (5 damage)
             ... on level 2 of the Dungeon.
             The game lasted 00:04:10 (1522 turns).

Nedwor the Cutter (Demonspawn Gladiator)            Turns: 1522, Time: 00:04:12

Health: -2/34      AC:  5    Str: 15    XL:     4   Next: 30%
Magic:  4/4        EV: 13    Int:  9    God:
Gold:   93         SH:  0    Dex: 16    Spells: 3/3 levels left

rFire   . . .        a - +1 rapier (flame)
rCold   . . .        (no shield)
rNeg    . . .        b - +0 leather armour
rPois   .            (helmet restricted)
rElec   .            (no cloak)
rCorr   .            (no gloves)
SInv    .            (no boots)
Will    .....        (no amulet)
Stlth   +            (no ring)
HPRegen 0.25/turn    (no ring)
MPRegen 0.09/turn

%: no passive effects
@: lethally poisoned (-2 -> -6)
A: horns 1, yellow scales 1
a: no special abilities


You were on level 2 of the Dungeon.
You visited 1 branch of the dungeon, and saw 2 of its levels.

You collected 93 gold pieces.

Inventory:

Hand Weapons
 a - a +1 rapier of flaming (weapon)
Missiles
 d - 3 throwing nets (quivered)
 e - a javelin
Armour
 b - a +0 leather armour (worn)
 c - a +0 helmet
Scrolls
 g - a scroll of blinking
Potions
 f - a potion of resistance {unknown}
 h - a potion of brilliance {unknown}
 i - a potion of invisibility {unknown}
 k - 2 potions of attraction
 o - a potion of heal wounds {unknown}
 p - a potion of degeneration {unknown}
 q - a potion of might {unknown}


   Skills:
 + Level 2.8 Fighting
 * Level 3.8 Short Blades
 - Level 1.7 Throwing
 + Level 3.2 Dodging


You had 3 spell levels left.
You didn't know any spells.
Your spell library contained the following spells:

 Spells                   Type           Power      Damage    Failure   Level
 Summon Guardian Golem    Hex/Summ       0%         N/A       83%         3
 Orb of Destruction       Conj           0%         9d5       100%        7
 Spellforged Servitor     Conj/Summ      0%         N/A       100%        7


Dungeon Overview and Level Annotations

Branches:
Dungeon (2/15)

Altars:

Annotations:
D:2 Crazy Yiuf


Innate Abilities, Weirdness & Mutations

You have a pair of small horns on your head.
You are partially covered in yellow scales. (AC +2)


Message History

You hit Crazy Yiuf. You burn Crazy Yiuf.
Crazy Yiuf is moderately wounded.
Crazy Yiuf barely misses you.
You hit Crazy Yiuf. You burn Crazy Yiuf. You headbutt Crazy Yiuf!
Crazy Yiuf is almost dead.
Crazy Yiuf closely misses you.
You hit Crazy Yiuf but do no damage.
Crazy Yiuf is almost dead.
Crazy Yiuf hits you with a +3 quarterstaff of chaos.
You hit Crazy Yiuf but do no damage.
You headbutt Crazy Yiuf, but do no damage.
Crazy Yiuf is almost dead.
Crazy Yiuf closely misses you.
You hit Crazy Yiuf. You burn Crazy Yiuf. Your headbutt misses Crazy Yiuf.
Crazy Yiuf is almost dead.
Crazy Yiuf hits you with a +3 quarterstaff of chaos!
You suddenly lose the ability to move!
Crazy Yiuf hits you with a +3 quarterstaff of chaos.
You are poisoned.
You feel very sick.
Crazy Yiuf cries, "Mountain tired blue!"
Crazy Yiuf hits you with a +3 quarterstaff of chaos.
* * * LOW HITPOINT WARNING * * *
Crazy Yiuf burns you.
* * * LOW HITPOINT WARNING * * *
You can move again.
You barely miss Crazy Yiuf.
You headbutt Crazy Yiuf, but do no damage.
Crazy Yiuf is almost dead.
* * * LOW HITPOINT WARNING * * *
You feel sick.
Crazy Yiuf says, "Defame high blue!"
Crazy Yiuf closely misses you.
You completely miss Crazy Yiuf.
You headbutt Crazy Yiuf, but do no damage.
Crazy Yiuf is almost dead.
* * * LOW HITPOINT WARNING * * *
You feel sick.
Crazy Yiuf hits you with a +3 quarterstaff of chaos.
You die...

#.##..####....
#.###.......#.
#.##.......##.
######.##.###. #....#
#. ♣♣♣♣♣##..#.###. ###
♣♣♣.♣..#.........
#...#♣..♣......##.####
#...g@♣♣♣♣.........#
#)..#♣♣ ♣♣.#......#
### ♣♣####...# #####


You could see Crazy Yiuf.

Vanquished Creatures
  3 adders (D:2)
  4 dart slugs
  A worm (D:2)
  5 ball pythons
  5 bats
  2 endoplasms (D:1)
  5 giant cockroaches
  6 goblins
  4 hobgoblins
  3 jackals (D:2)
  4 kobolds
  5 frilled lizards
  A rat (D:1)
48 creatures vanquished.

Notes
Turn   | Place    | Note
-------+----------+-------------------------------------------
     0 | D:1      | Nedwor the Demonspawn Gladiator began the quest for the
                  | Orb.
     0 | D:1      | Reached XP level 1. HP: 16/16 MP: 1/1
   321 | D:1      | Gained mutation: You are partially covered in yellow
                  | scales. (AC +2) [demonic ancestry]
   321 | D:1      | Reached XP level 2. HP: 22/22 MP: 2/2
   788 | D:1      | Reached XP level 3. HP: 28/28 MP: 3/3
  1127 | D:2      | Gained mutation: You have a pair of small horns on your
                  | head. [demonic ancestry]
  1127 | D:2      | Reached XP level 4. HP: 32/34 MP: 4/4
  1278 | D:2      | Found a runed translucent door.
  1279 | D:2      | Noticed Crazy Yiuf
  1518 | D:2      | Paralysed by Crazy Yiuf for 3 turns
  1522 | D:2      | Slain by Crazy Yiuf

Illustrated notes

Levels and vault maps discovered:
D:1:      wander_arrival_chamber, layout_loops_corners,
          nicolae_figureground_sparkle
D:2:      layout_rooms, roderic_nine_men_s_morris, hex_tiny,
          kennysheep_another_room, minmay_strange_pillars,
          uniq_crazy_yiuf_cottage

Skill      XL: |  1  2 |
---------------+-------+-----
Short Blades   | 3 |  3.8
Dodging        | 3 |  3.2
Fighting       | |  2.8
Throwing       | |  1.7

Action                     |  1- 3 |  4- 6 || total
---------------------------+-------+-------++-------
  Melee: Rapier            |   115 |    32 ||   147
         Punch             |     1 |       ||     1
         Headbutt          |       |    11 ||    11
    Use: Scroll            |       |     5 ||     5
   Stab: Sleeping          |     1 |       ||     1
 Armour: Leather armour    |    67 |    13 ||    80
  Dodge: Dodged            |    81 |    17 ||    98

Table legend: (Time is in decaauts)
 A = Elapsed time spent in this place.
 B = Non-inter-level travel time spent in this place.
 C = Inter-level travel time spent in this place.
 D = Time resting spent in this place.
 E = Time spent auto-exploring this place.
 F = Levels seen in this place.
 G = Mean time per level.
                   A        B        C        D        E       F      G
               +--------+--------+--------+--------+--------+-----+--------+
         Total |   1527 |   1512 |     15 |      0 |   1190 |   2 |  763.5 |
       Dungeon |   1527 |   1512 |     15 |      0 |   1190 |   2 |  763.5 |
               +--------+--------+--------+--------+--------+-----+--------+

Top non-repeatable levels by time:
     D:1: 886 daAuts
     D:2: 640 daAuts
